AoeStats
← [LSG] ArturoVences

Arena

510258820Analyzed
1v1 RM · 1d ago on Sep 30, 2026· 49m 51s· 2 players
Game mode
Random Map
Map size
Tiny (2 player)
Population
200
Speed
Normal
Resources
Standard
Victory
Conquest
Starting age
Dark Age
Ending age
Imperial Age
RankedLock teamsTeams togetherTeam positionsShared explorationLock speedFull tech treeHidden civsTurbo modeCheats
Victory
Defeat
🇵🇪 Spanish · Peru
1470
+16
🇦🇺 Danes · Australia
1463
-16
Dinglebob
8:04 Loom
11:59 Feudal Age
12:39 Double-Bit Axe
18:27 Castle Age
18:13 Horse Collar
18:39 Town Watch
19:10 Scale Mail Armor
23:26 Bow Saw
23:31 Fletching
25:30 Bodkin Arrow
30:30 Heavy Plow
31:06 Wheelbarrow
30:31 Town Patrol
33:01 Ballistics
33:45 Thumb Ring
33:50 Padded Archer Armor
35:07 Bloodlines
34:58 Husbandry
36:06 Elite Skirmisher
39:59 Imperial Age
37:45 Hand Cart
37:30 Town Patrol
40:52 Bracer
41:08 Leather Archer Armor
40:17 Cranequins
42:04 Chemistry
41:47 Conscription
43:51 Ring Archer Armor
48:31 Town Patrol
[LSG] ArturoVences
5:20 Loom
8:28 Feudal Age
9:38 Fletching
10:06 Double-Bit Axe
11:45 Horse Collar
20:41 Castle Age
19:12 Stone Mining
19:30 Gold Mining
21:19 Bodkin Arrow
21:36 Bow Saw
21:52 Heavy Plow
31:04 Imperial Age
28:48 Padded Archer Armor
30:16 Leather Archer Armor
32:49 Stone Shaft Mining
32:51 Ring Archer Armor
32:22 Bracer
34:22 Bloodlines
34:13 Husbandry
35:16 Two-Man Saw
39:33 Two-Man Saw
40:22 Chemistry
39:42 Ballistics
40:30 Wheelbarrow
39:40 Town Watch
39:16 Elite Conquistador
39:19 Elite Skirmisher
40:23 Conscription
41:56 Hand Cart
41:41 Town Patrol
45:54 Masonry
45:41 Murder Holes
50:50 Hoardings
Connection lost

Rejoining the realm…

Still unreachable

The connection could not be restored.

Session expired

The server has moved on; the page needs a fresh start.